 Dungeon Crawl Stone Soup version 0.25-a0-294-gea9b1ad378 (webtiles) character file.

Game seed: 4211779501070919029, levelgen mode: classic

3122 Borgoz the Basher (level 9, -11/57 HPs)
             Began as a Gargoyle Fighter on Dec 16, 2019.
             Killed from afar by a big kobold (19 damage)
             ... with a bolt of acid
             ... on level 7 of the Dungeon.
             The game lasted 00:11:50 (7143 turns).

Borgoz the Basher (Gargoyle Fighter)                Turns: 7143, Time: 00:11:52

Health: -11/57     AC: 10    Str: 19    XL:     9   Next: 91%
Magic:  9/9        EV:  9    Int: 10    God:
Gold:   391        SH: 11    Dex: 15    Spells: 8/8 levels left

rFire    . . .     SeeInvis .   a - +0 flail
rCold    . . .     Gourm    .   c - +0 shield
rNeg     + . .     Faith    .   b - +0 scale mail
rPois    ∞         Spirit   .   (no helmet)
rElec    +         Reflect  .   y - +1 cloak
rCorr    .         Harm     .   p - +0 pair of gloves {Dex+3}
MR       .....     Clarity  +   (no boots) Stlth ..........Rnd*Tele +
                                (no amulet)
HPRegen  0.19/turn              e - +4 ring of slaying
MPRegen  0.11/turn              q - ring of teleportation (curse)

@: corroded
A: clarity, negative energy resistance 1, electricity resistance, unbreathing,
petrification resistance, rot immunity, AC +6
a: no special abilities


You were on level 7 of the Dungeon.
You were hungry.

You visited 2 branches of the dungeon, and saw 8 of its levels.
You also visited: Sewer.

You collected 391 gold pieces.

Inventory:

Hand Weapons
 a - a +0 flail (weapon)
Armour
 b - a +0 scale mail (worn)
 c - a +0 shield (worn)
 m - the +2 leather armour "Qoarphiw" {*Contam rC++ Str+5}
   (You found it on level 6 of the Dungeon)

   It affects your strength (+5).
   It greatly protects you from cold.
   It causes magical contamination when unequipped.
 p - a +0 pair of gloves of dexterity (worn)
 y - a +1 cloak (worn)
Jewellery
 e - a +4 ring of slaying (left hand)
 q - a cursed ring of teleportation (right hand)
 t - an uncursed ring of stealth
Wands
 d - a wand of polymorph (5)
 k - a wand of iceblast (6)
 l - a wand of digging (2)
Scrolls
 h - a scroll of immolation {unknown}
 i - a scroll of teleportation
 o - a scroll of amnesia {unknown}
 v - a scroll of remove curse {unknown}
 A - a scroll of fog {unknown}
Potions
 g - 5 potions of agility
 j - 5 potions of heal wounds
 n - 3 potions of curing
 r - 5 potions of might
 s - 2 potions of flight
 u - 3 potions of lignification
 w - a potion of haste
 z - 2 potions of brilliance
Comestibles
 f - 10 rations
 x - 9 chunks of flesh


   Skills:
 + Level 7.2 Fighting
 * Level 8.6 Maces & Flails
 + Level 7.2 Armour
 + Level 1.9 Dodging
 + Level 7.3 Shields


You had 8 spell levels left.
You didn't know any spells.
Your spell library was empty.

Dungeon Overview and Level Annotations

Branches:
Dungeon (7/15)             Temple (1/1) D:4           Sewer (visited)

Altars:
Cheibriados
Dithmenos
Elyvilon
Fedhas
Gozag
Hepliaklqana
Kikubaaqudgha
Makhleb
Nemelex Xobeh
Okawaru
Qazlal
Ru
Trog
Uskayaw
Vehumet
Wu Jian
Xom
Yredelemnul
Zin
The Shining One


Innate Abilities, Weirdness & Mutations

You are resistant to torment.
Your stone body is resilient. (AC +6)
You are immune to poison.
You resist negative energy. (rN+)
You are resistant to electric shocks. (rElec)
You can survive without breathing.
You are immune to petrification.
You are immune to rotting.
You possess an exceptional clarity of mind.


Message History

Things that are here:
a +0 morningstar; an orc skeleton
Found a sacrificial altar of Ru.
You are feeling hungry.
The big kobold shouts!
The big kobold zaps a wand.
The bolt of acid hits you! The acid corrodes you!
You are splashed with acid!
You block the big kobold's attack.
You sock the big kobold!
The big kobold is heavily wounded.
The big kobold hits you but does no damage.
You closely miss the big kobold.
The big kobold is heavily wounded.
You closely miss the big kobold.
The big kobold is heavily wounded.
The big kobold zaps a wand.
The bolt of acid hits you! The acid corrodes you!
You are splashed with acid!
* * * LOW HITPOINT WARNING * * *
The big kobold zaps a wand.
The bolt of acid hits you!!
You die...

###### .... ≈≈≈.# #..... ....
...≈# #..... ..... ._.≈# #.....
..... ...≈# #..... ......
≈≈≈.#.'####..... ......#
....#......<.... ##
#..K#...#..........[. .#
###@#.#.#..F........ .#
#....#..'........... .#
#.......#.....@.....
.#############.......#.....###'#.
............##.......#..... ##
.......#.....#.......#.....#
#......#.....#.......#.....#
#......#.....#(.)....#.....#
#......#....##..()..[#.....#


You could see a big kobold.

Vanquished Creatures
  Joseph (D:7)
  Duvessa (D:5)
  An orc warrior (D:7)
  4 sky beasts
  A phantom (D:5)
  3 ogres
  A centaur (D:5)
  2 big kobolds
  Blork the orc (D:6)
  4 bullfrogs
  Dowan (D:5)
  6 killer bees (D:7)
  2 crimson imps (D:5)
  4 hounds
  Crazy Yiuf (D:6)
  A bullfrog zombie (D:4)
  A centaur skeleton (D:4)
  A gnoll shaman (D:5)
  A jelly (D:5)
  4 orc wizards
  Natasha (thrice) (D:2)
  4 worker ants
  A hound zombie (D:7)
  4 gnolls (D:2)
  A howler monkey zombie (D:7)
  10 adders
  4 river rats
  2 shadow imps
  An ooze (Sewer)
  An adder zombie (D:6)
  An adder skeleton (D:5)
  4 worms
  A dart slug (D:2)
  7 leopard geckos
  19 orcs
  5 giant cockroaches
  9 goblins
  7 hobgoblins
  17 jackals
  4 quokkas
  10 ball pythons
  7 bats
  3 frilled lizards
  28 kobolds
  2 quokka skeletons (D:4)
  28 rats
224 creatures vanquished.

Notes
Turn   | Place    | Note
-------+----------+-------------------------------------------
     0 | D:1      | Borgoz the Gargoyle Fighter began the quest for the Orb.
     0 | D:1      | Reached XP level 1. HP: 14/14 MP: 1/1
   140 | D:1      | Reached XP level 2. HP: 19/19 MP: 2/2
   773 | D:2      | Reached XP level 3. HP: 18/23 MP: 3/3
   789 | D:2      | Reached skill level 3 in Maces & Flails
   795 | D:2      | Reached XP level 4. HP: 10/29 MP: 4/4
   945 | D:2      | Noticed Natasha
   952 | D:2      | Killed Natasha
  1093 | D:2      | Noticed Natasha
  1107 | D:2      | Killed Natasha
  1107 | D:2      | Reached XP level 5. HP: 15/33 MP: 5/5
  1275 | D:2      | Noticed Natasha
  1289 | D:2      | Killed Natasha
  2060 | D:3      | Found an ornate altar of the Wu Jian Council.
  2061 | D:3      | Found a hide-covered altar of Uskayaw.
  2063 | D:3      | Found a glowing golden altar of the Shining One.
  2065 | D:3      | Found a shadowy altar of Dithmenos.
  2066 | D:3      | Found an opulent altar of Gozag.
  2181 | D:3      | Found a glowing drain.
  2191 | D:3      | Reached skill level 4 in Maces & Flails
  2213 | Sewer    | Entered a sewer
  2255 | Sewer    | Noticed a big kobold
  2270 | Sewer    | Killed a big kobold
  2270 | Sewer    | Reached XP level 6. HP: 27/39 MP: 6/6
  3686 | D:4      | Found a staircase to the Ecumenical Temple.
  3703 | Temple   | Entered the Ecumenical Temple
  3963 | D:4      | Reached XP level 7. HP: 44/44 MP: 7/7
  4002 | D:4      | Reached skill level 5 in Maces & Flails
  4069 | D:4      | Found a blossoming altar of Fedhas.
  4193 | D:4      | Reached skill level 5 in Fighting
  4193 | D:4      | Reached skill level 5 in Armour
  4193 | D:4      | Reached skill level 5 in Shields
  4693 | D:5      | Entered Level 5 of the Dungeon
  4739 | D:5      | Reached XP level 8. HP: 47/50 MP: 8/8
  4772 | D:5      | Reached skill level 6 in Maces & Flails
  5223 | D:5      | Noticed Duvessa
  5223 | D:5      | Noticed Dowan
  5232 | D:5      | Killed Duvessa
  5240 | D:5      | Killed Dowan
  5240 | D:5      | Reached skill level 7 in Maces & Flails
  5410 | D:5      | Reached XP level 9. HP: 35/55 MP: 9/9
  5668 | D:5      | Found a hazy altar of Hepliaklqana.
  5978 | D:6      | Noticed Blork the orc
  5986 | D:6      | Killed Blork the orc
  6022 | D:6      | Got a twisted leather armour
  6033 | D:6      | Identified the +2 leather armour "Qoarphiw" {*Contam rC++
                  | Str+5} (You found it on level 6 of the Dungeon)
  6089 | D:6      | Gained mutation: You possess an exceptional clarity of
                  | mind. [mutagenic glow]
  6190 | D:6      | Found a runed translucent door.
  6191 | D:6      | Noticed Crazy Yiuf
  6375 | D:6      | Killed Crazy Yiuf
  6442 | D:7      | Noticed Joseph
  6563 | D:7      | Reached skill level 8 in Maces & Flails
  6569 | D:7      | Reached skill level 1 in Dodging
  7056 | D:7      | Killed Joseph
  7138 | D:7      | Found a sacrificial altar of Ru.
  7143 | D:7      | Killed from afar by a big kobold

Levels and vault maps discovered:
D:1:      onia_arrival_handbag, layout_basic
D:2:      layout_loops_ring, uniq_natasha
D:3:      layout_basic, minitemple, first_ration, cheibrodos_sewer_entry_sluice
D:4:      layout_basic, minmay_temple_entry_grid, fedhas_altar_4
D:5:      layout_loops_ring, lemuel_coloured_pillars_altar, st_stairs_8,
          uniq_duvessa
D:6:      layout_loops_ring, uniq_crazy_yiuf_cottage, uniq_blork_the_orc
D:7:      layout_gridville, led_sif_pool, nicolae_ru_awakened_eye,
          kennysheep_mini, uniq_joseph
Temple:   oiseaux_autumnal_temple

Skill      XL: |  1  2  3  4  5  6  7  8  9 |
---------------+----------------------------+-----
Maces & Flails | 3 4 5 7 8 |  8.6
Fighting       | 4 5 6 7 |  7.2
Armour         | 4 5 6 7 |  7.2
Shields        | 4 5 6 7 |  7.3
Dodging        | 1 |  1.9

Action                   |  1- 3 |  4- 6 |  7- 9 || total
-------------------------+-------+-------+-------++-------
Melee: Flail             |   105 |   309 |   357 ||   771
       Unarmed           |       |     2 |       ||     2
Evoke: Wand              |       |       |     6 ||     6
  Use: Potion            |     2 |     2 |     1 ||     5
       Scroll            |       |       |     8 ||     8
  Eat: Chunk             |       |    11 |    10 ||    21
Armor: Scale mail        |    77 |   208 |   190 ||   475
Dodge: Dodged            |    71 |   112 |   123 ||   306
Block: Shield            |    71 |   222 |   221 ||   514

Table legend:
 A = Non-vault XP
 B = Vault XP
 C = Vault XP percentage of total XP
 D = Non-vault monster count
 E = Vault monster count
 F = Vault count percentage of total count
                 A         B        C        D         E       F
            +---------+---------+-------+---------+---------+-------
      Total |    3297 |    1164 |  26.1 |     161 |      63 |  28.1
            +---------+---------+-------+---------+---------+-------
        D:1 |      14 |       5 |  26.3 |       9 |       4 |  30.8
        D:2 |     203 |      36 |  15.1 |      29 |       1 |   3.3
        D:3 |      56 |      22 |  28.2 |      23 |       4 |  14.8
        D:4 |     575 |       0 |   0.0 |      30 |       0 |   0.0
        D:5 |     986 |     283 |  22.3 |      27 |       3 |  10.0
        D:6 |     310 |     138 |  30.8 |       6 |       2 |  25.0
        D:7 |    1153 |     460 |  28.5 |      37 |       1 |   2.6
      Sewer |       0 |     220 | 100.0 |       0 |      48 | 100.0
            +---------+---------+-------+---------+---------+-------
